Map: Prion Terraces

Players

LilDicky - Winner!

  • Race: Terran Terran
  • League: Diamond

Redos

  • Race: Zerg Zerg
  • League: Platinum

VOD

http://www.twitch.tv/tumescentpie

Description

Time

  • Played on: Dec. 5, 2015, 7:25 p.m.
  • Length: 10:48
Show
View Real Time Build Order
Export as new Build Order

LilDicky Terran - Winner!

Build Orders: MMM Bio 

Get SALT Encoding   

  12  0:01  SCV  
  13  0:13  SCV  
  14  0:18  Supply Depot  
  14  0:25  SCV  
  15  0:30  Refinery  
  15  0:40  SCV  
  16  0:48  Barracks  
  16  0:52  SCV  
  17  1:04  SCV  
  18  1:16  SCV  
  19  1:28  SCV  
  20  1:35  Reaper  
  20  1:36  Supply Depot  
  21  1:41  Orbital Command  
  21  2:07  Command Center, SCV  
  23  2:19  Barracks  
  23  2:22  Barracks  
  23  2:25  Barracks Reactor  
  22  2:50  SCV  
  23  2:57  Barracks  
  23  2:58  Barracks  
  23  3:00  Refinery  
  23  3:02  SCV, Marine x2  
  26  3:10  Barracks Tech Lab  
  26  3:13  Barracks Tech Lab  
  26  3:16  SCV  
  27  3:20  Marine x2  
  27  3:21  Supply Depot x2  
  29  3:30  SCV  
  29  3:31  Marine x2  
  32  3:40  Orbital Command  
  32  3:51  Combat Shields, Stimpack  
  32  3:55  Marine  
  33  4:04  SCV, Marauder  
  35  4:16  Marine x2  
  35  4:17  SCV  
  31  4:37  SCV  
  31  4:45  SCV  
  32  4:54  Barracks Reactor x2  
  32  4:57  Marine  
  32  4:59  SCV  
  34  5:03  SCV  
  34  5:04  Marine  
  34  5:06  Marine  
  37  5:11  Marine  
  37  5:13  SCV  
  39  5:15  SCV, Marine  
  39  5:17  Concussive Shells  
  41  5:22  Marine  
  41  5:24  Marine  
  43  5:28  Marine  
  43  5:33  Marine  
  40  5:40  Marine  
  40  5:41  Marine x2  
  40  5:45  SCV x2  
  40  5:47  Bunker, Marine x3  
  41  5:50  Marine  
  41  5:51  Marine  
  42  5:57  SCV  
  42  5:58  SCV, Marine  
  42  5:59  Marine x2  
  47  6:05  Marauder  
  47  6:06  Marine x2  
  47  6:09  SCV  
  47  6:10  SCV  
  54  6:15  Marine x2  
  55  6:19  Factory  
  55  6:22  SCV  
  55  6:23  Marine x2  
  58  6:25  Marine  
  58  6:26  Marine  
  58  6:27  Marauder  
  62  6:49  SCV, Marauder, Marine x5  
  62  6:51  Marine  
  66  6:57  Marine  
  53  7:03  SCV  
  53  7:06  Marine x4  
  59  7:14  SCV  
  62  7:17  Factory Reactor  
  58  7:25  Starport, Marine x5  
  58  7:26  SCV, Marine x2  
  58  7:28  SCV  
  58  7:29  Refinery, Marine  
  67  7:30  Refinery  
  68  7:42  Marine  
  68  7:43  Marine  
  60  7:44  Marauder  
  60  7:48  Marauder  
  58  7:54  Marine x4  
  58  7:55  SCV  
  58  7:56  SCV  
  58  8:00  Marine x2  
  60  8:06  Marauder  
  60  8:07  Supply Depot  
  60  8:08  SCV x2, Medivac  
  60  8:09  Marauder  
  70  8:12  Medivac  
  70  8:20  Command Center  
  70  8:28  Marine x3  
  70  8:29  SCV, Marauder  
  70  8:31  Marauder  
  78  8:37  SCV  
  78  8:41  SCV  
  70  8:49  SCV  
  70  8:50  Marauder  
  70  8:54  Marine x2  
  70  8:55  Marauder  
  74  8:57  Supply Depot, Marine x2  
  74  8:59  Medivac  
  78  9:18  SCV, Medivac, Marine x3  
  78  9:19  Marauder  
  86  9:31  Marine x3  
  86  9:32  Marauder  
  86  9:36  Marine x2  
  93  9:40  Marauder  
  93  9:41  Marine  
  96  9:49  Marine x3  
  97  9:53  Marauder  
  97  9:54  Marine  
  97  9:57  Marine  
  97  9:59  Marine  
  99  10:01  Marauder  
  99  10:09  Marine x2  
  101  10:20  Supply Depot  
  101  10:27  Supply Depot  
  109  10:46  Supply Depot  
Show
View Real Time Build Order
Export as new Build Order

Redos Zerg 

Build Orders: Pool First 

Get SALT Encoding   

  12  0:07  Overlord  
  12  0:12  Drone  
  13  0:23  Drone  
  13  0:26  Drone  
  15  0:30  Drone  
  16  0:42  Spawning Pool  
  16  0:47  Drone, Extractor  
  15  0:53  Drone  
  16  1:02  Drone  
  17  1:17  Drone  
  18  1:31  Hatchery, Zergling x2  
  18  1:39  Queen  
  20  1:44  Drone  
  21  1:54  Drone  
  21  2:00  Roach Warren, Drone  
  22  2:10  Overlord  
  22  2:28  Queen  
  24  2:51  Roach  
  24  2:52  Roach x5  
  36  3:40  Overlord x2  
  35  3:58  Queen  
  31  4:17  Roach x4  
  31  4:18  Roach x7  
  44  4:42  Drone  
  44  4:43  Drone x3  
  48  4:51  Ravager x2  
  50  4:57  Extractor x2  
  50  4:59  Extractor  
  47  5:10  Drone  
  47  5:11  Drone x4  
  47  5:13  Overlord x2  
  49  5:51  Roach x4  
  49  5:52  Roach x3  
  63  6:11  Ravager  
  64  6:22  Ravager  
  65  6:27  Ravager  
  66  6:41  Hatchery  
  66  6:43  Extractor x2  
  45  7:03  Roach x10  
  45  7:04  Roach  
  63  7:14  Ravager x3  
  64  7:27  Ravager x2  
  66  7:32  Drone  
  66  7:33  Drone  
  66  7:35  Overlord x4  
  49  8:03  Ravager x5  
  54  8:10  Drone x3  
  57  8:13  Drone x6  
  63  8:20  Lair  
  63  8:24  Pneumatized Carapace  
  63  8:25  Drone  
  63  8:27  Drone  
  49  8:51  Roach  
  49  8:52  Roach x4  
  48  9:06  Zergling x10  
  53  9:24  Zergling x12  
  59  9:31  Zergling x2  
  59  9:32  Zergling x6  
  24  10:08  Zergling x16  
Tags
 
Add a new tag
Caveats
  • Supply blocks, unpowered buildings, or Contaminate may cause inaccurate times.
  • Supply counts are checked every 10 seconds.